 Dungeon Crawl Stone Soup version 0.21.1-1-g345015f (console) character file.

35 fly the Chiller (level 3, 0/21 HPs)
             Began as an Octopode Ice Elementalist on May 7, 2018.
             Slain by a goblin
             ... wielding a +0 dagger
             ... led by Robin
              (1 damage)
             ... on level 1 of the Dungeon.
             The game lasted 00:01:40 (1589 turns).

fly the Chiller (Octopode Ice Elementalist)         Turns: 1589, Time: 00:01:41

Health: 0/21       AC:  1    Str:  7    XL:     3   Next: 35%
Magic:  0/6        EV: 13    Int: 18    God:
Gold:   52         SH:  0    Dex: 12    Spells: 5/6 levels left

rFire    . . .     SeeInvis .   (no weapon)
rCold    . . .     Gourm    .   (no shield)
rNeg     . . .     Faith    .   (helmet restricted)
rPois    .         Spirit   .   (no amulet)
rElec    .         Reflect  .   (no ring)
rCorr    .         Harm     .   (no ring)
MR       .....                  (no ring)
Stlth    +++.......             (no ring)
HPRegen  0.07/turn              (no ring)
MPRegen  0.10/turn              (no ring)
                                (no ring)
                                (no ring)

@: no status effects
A: almost no armour, stealthy swim, amphibious, 8 rings, constrict 8, camouflage
1, gelatinous body 1
a: no special abilities


You were on level 1 of the Dungeon.
You were hungry.

You visited 1 branch of the dungeon, and saw 2 of its levels.

You collected 52 gold pieces.

Inventory:

Scrolls
 c - a scroll of fog {unknown}
 d - a scroll of identify {unknown}
 e - a scroll of enchant weapon {unknown}
 f - a scroll of remove curse {unknown}
Books
 a - a book of Frost

   Spells                             Type                      Level
   a - Freeze                         Ice                          1
   b - Throw Frost                    Conjuration/Ice              2
   c - Ozocubu's Armour               Charms/Ice                   3
   d - Throw Icicle                   Conjuration/Ice              4
   e - Summon Ice Beast               Ice/Summoning                4
Comestibles
 b - a ration


   Skills:
 - Level 2.0 Dodging
 - Level 2.6 Stealth
 + Level 2.4 Spellcasting
   Level 1.0 Conjurations
 - Level 4.0 Ice Magic


You had 5 spell levels left.
You knew the following spells:

 Your Spells              Type           Power        Failure   Level  Hunger
z - Freeze                Ice            ###.         3%          1    #......


Dungeon Overview and Level Annotations

Branches:
Dungeon (2/15)

Altars:

Annotations:
D:1 Robin


Innate Abilities, Weirdness & Mutations

You cannot wear most types of armour.
You are very stealthy in the water. (Stealth+)
You are amphibious.
You can wear up to eight rings at the same time.
You can use your tentacles to constrict eight enemies at once.
Your skin changes colour to match your surroundings (Stealth+).
Your rubbery body absorbs attacks. (AC +1, EV +1)


Message History

You release your grip on Robin.
Robin hits you with a mace.
* * * LOW HITPOINT WARNING * * *
The goblin barely misses you.
You climb upwards.
There is a stone staircase leading down here.
Unknown command.
Unknown command.
Casting: Freeze
Confirm with . or Enter, or press ? or * to list all spells.
Aiming: Freeze
Press: ? - help, Shift-Dir - straight line, f - Robin
Aim: Robin, wielding a mace, wearing an animal skin and wearing a helmet (almost dead)
You freeze Robin.
Robin is almost dead.
Robin barely misses you. The goblin misses you. Robin hits you with a mace.
* * * LOW HITPOINT WARNING * * *
Robin says, "My army is invincible!"
Robin throws the goblin at you! The goblin hits you with a dagger.
You die...

#.# #...(.................
#####.###.##.#################
#..........#.# #.###.######.#
#.# #.# #.#################
#.# #.# #.>...............#
#.# #.# #.g...)............
#.# #.# #..##.......#####..
#.# #.# #.@##.......# #.. #.#
#.# #.g##.......# #.. ##.###.#
#...+.......# #.. #......#
####.###...()..# #.. ########
#........(.##### #.#
#.##.####.....# #.#
###'##....#.###.# #†#
#.......#.#.# #.######.#
#.......#.#.# #.#...##.#


You could see Robin and a goblin.

Vanquished Creatures
  A leopard gecko (D:1)
  8 goblins
  7 hobgoblins
  2 jackals (D:2)
  7 kobolds
  A bat (D:1)
  4 rats (D:1)
30 creatures vanquished.

Notes
Turn   | Place    | Note
-------+----------+-------------------------------------------
     0 | D:1      | fly the Octopode Ice Elementalist began the quest for the Orb.
     0 | D:1      | Reached XP level 1. HP: 11/11 MP: 3/3
   440 | D:1      | Reached XP level 2. HP: 14/17 MP: 1/5
  1283 | D:2      | Reached skill level 4 in Ice Magic
  1334 | D:2      | Reached XP level 3. HP: 7/21 MP: 2/6
  1496 | D:2      | Noticed Robin
  1588 | D:1      | HP: 1/21 [Robin/mace (6)]
  1589 | D:1      | Slain by a goblin

Skill      XL: |  1  2 |
---------------+-------+-----
Ice Magic      | 4 |  4.0
Dodging        | |  2.0
Stealth        | |  2.6
Spellcasting   | |  2.4
Conjurations   | |  1.0

Action                   || total
-------------------------++-------
Melee: Unarmed           ||    20
       Constrict         ||     5
       Tentacles         ||     4
 Cast: Freeze            ||    43
 Stab: Sleeping          ||     3
  Eat: Chunk             ||     2
Armor: Skin              ||     3
Dodge: Dodged            ||    39
